 Dungeon Crawl Stone Soup version 0.28-a0-863-g8cecda6153 (webtiles) character file.

Game seed: 11581360022509837392

2877 ytrimaz the Cleaver (level 10, -5/77 HPs)
             Began as a Formicid Fighter on Nov 18, 2021.
             Was an Initiate of Okawaru.
             Slain by a troll (9 damage)
             ... on level 7 of the Dungeon.
             The game lasted 00:07:36 (8012 turns).

ytrimaz the Cleaver (Formicid Fighter)              Turns: 8012, Time: 00:07:37

Health: -5/77      AC: 14    Str: 25    XL:     10   Next: 5%
Magic:  10/10      EV:  7    Int:  7    God:    Okawaru [......]
Gold:   345        SH:  4    Dex: 10    Spells: 9/9 levels left

rFire   + . .      SeeInvis +   a - +1 war axe
rCold   + . .      Faith    .   c - +0 buckler
rNeg    . . .      Spirit   .   A - +0 plate armour
rPois   .          Reflect  .   (helmet unavailable)
rElec   .          Harm     .   i - scarf {rC+ rF+}
rCorr   .          Rampage  .   e - +0 pair of gloves
Will    ++...                   (no boots)
Stlth   ..........              k - amulet of magic regeneration
HPRegen 0.22/turn               p - ring of willpower
MPRegen 0.37/turn               (no ring)

@: no status effects
A: permanent stasis, dig shafts and tunnels, antennae 3, four strong arms
a: Dig, Shaft Self, Renounce Religion


You were on level 7 of the Dungeon.
You worshipped Okawaru.
Okawaru was noncommittal.
You visited 2 branches of the dungeon, and saw 8 of its levels.

You collected 345 gold pieces.

Inventory:

Hand Weapons
 a - a +1 war axe (weapon)
Missiles
 h - 5 boomerangs (quivered)
Armour
 c - a +0 buckler (worn)
 e - a +0 pair of gloves (worn)
 i - a scarf of resistance (worn)
 u - a +1 cloak
 v - a +0 kite shield
 A - a +0 plate armour (worn)
Jewellery
 k - an amulet of magic regeneration (around neck)
 o - an amulet of faith
 p - a ring of willpower (left hand)
 s - a ring of protection from fire
 y - a ring of protection from fire
Wands
 m - a wand of polymorph (5)
 q - a wand of acid (10)
 z - a wand of mindburst (18)
Scrolls
 l - 2 scrolls of amnesia
 x - a scroll of fog
Potions
 d - 2 potions of might
 f - 2 potions of attraction
 g - 3 potions of flight
 j - 2 potions of resistance
 n - 2 potions of heal wounds {unknown}
 t - a potion of curing
 w - 2 potions of brilliance {unknown}


   Skills:
 + Level 6.6 Fighting
 + Level 8.7 Axes
 - Level 6.0 Throwing
 + Level 7.2 Armour
 - Level 3.9 Shields


You had 9 spell levels left.
You didn't know any spells.
Your spell library contained the following spells:

 Spells                   Type           Power      Damage    Failure   Level
 Apportation              Tloc           0%         N/A       99%         1
 Ozocubu's Armour         Ice            0%         N/A       100%        3
 Ozocubu's Refrigeration  Ice            0%         4d5       100%        7
 Animate Skeleton         Necr           Unusable   N/A       N/A         1
 Summon Small Mammal      Summ           Unusable   N/A       N/A         1

Dungeon Overview and Level Annotations

Branches:
Dungeon (7/15)             Temple (1/1) D:7

Altars:
Ashenzari
Cheibriados
Dithmenos
Elyvilon
Fedhas
Gozag
Hepliaklqana
Kikubaaqudgha
Makhleb
Nemelex Xobeh
Okawaru
Qazlal
Sif Muna
Trog
Uskayaw
Vehumet
Wu Jian
Xom
Zin
The Shining One

Annotations:
D:2 1 runed translucent door, Crazy Yiuf
D:6 2 runed translucent doors, 1 transporter, McGhostyFace's ghost, weakling GnDe


Innate Abilities, Weirdness & Mutations

You cannot be hasted, slowed, berserked, paralysed or teleported.
You can dig through walls and to a lower floor.
You have a pair of large antennae on your head. (SInv)
Your four strong arms can wield two-handed weapons with a shield.


Message History

You slash the troll!
The troll is severely wounded.
The troll bites you. The troll claws you.
The troll claws you but does no damage.
You hit the troll.
The troll is almost dead.
The troll bites you.
* * * LOW HITPOINT WARNING * * *
The troll barely misses you. The troll claws you!
* * * LOW HITPOINT WARNING * * *
Unknown command.
You feel better. The troll bites you.
* * * LOW HITPOINT WARNING * * *
The troll claws you but does no damage. x2
You feel better. The troll barely misses you.
The troll claws you but does no damage. The troll barely misses you.
You feel better. The troll bites you! The troll claws you but does no damage.
The troll completely misses you.
Okay, then.
Unknown command.
You hit the troll.
The troll is almost dead.
The troll bites you. The troll claws you but does no damage.
The troll claws you.
* * * LOW HITPOINT WARNING * * *
You closely miss the troll.
The troll is almost dead.
The troll bites you.
* * * LOW HITPOINT WARNING * * *
The troll claws you but does no damage. The troll claws you.
* * * LOW HITPOINT WARNING * * *
You hit the troll.
The troll is almost dead.
The troll bites you!
* * * LOW HITPOINT WARNING * * *
You block the troll's attack. The troll claws you but does no damage.
You hit the troll.
The troll is almost dead.
The troll bites you!
You die...

####.......'.........'...
#...>###.###.........####
#.##.# #.# ##.......## #
#.##.###.# ##.....##
#.##.....# ##...##
#.###.#.## ##'##
#.!.....# #.# #####.####
#.# #.......@# ##.###
#.###.##T######....##
#.............#.#####
####.####.#..###..... #.#
#.##..#.##### ..#
#......## ### ########


You could see a troll.

Vanquished Creatures
  A shadow (D:7)
  Menkaure (D:4)
  A steam dragon (D:6)
  2 water moccasins (D:7)
  A black bear (D:5)
  2 ice beasts
  3 ogres
  A necrophage (D:7)
  3 phantoms
  2 kobold brigands
  A gnoll sergeant (D:5)
  2 bullfrogs
  3 scorpions
  A water moccasin zombie (D:5)
  A wyvern skeleton (D:6)
  2 bullfrog zombies
  A centaur zombie (D:5)
  2 orc priests (D:7)
  4 hounds
  2 bullfrog skeletons
  A centaur skeleton (D:7)
  Ijyb (D:3)
  An iguana (D:5)
  5 orc wizards
  2 hound skeletons
  3 gnolls (D:5)
  2 howler monkey skeletons
  7 adders
  A shadow imp (D:5)
  An ufetubus (D:5)
  An adder skeleton (D:4)
  14 orcs
  3 ball pythons
  4 endoplasms
  6 giant cockroaches
  13 goblins
  4 hobgoblins (D:3)
  10 jackals
  16 kobolds
  3 quokkas
  4 bats
  A frilled lizard (D:2)
  A quokka skeleton (D:4)
  7 rats
147 creatures vanquished.

Vanquished Creatures (others)
  An orc wizard (D:7)
  2 fungi (D:2)
  A plant (D:2)
4 creatures vanquished.

Grand Total: 151 creatures vanquished

Notes
Turn   | Place    | Note
-------+----------+-------------------------------------------
     0 | D:1      | ytrimaz the Formicid Fighter began the quest for the Orb.
     0 | D:1      | Reached XP level 1. HP: 18/18 MP: 1/1
   105 | D:1      | Reached XP level 2. HP: 22/24 MP: 2/2
   329 | D:1      | Reached XP level 3. HP: 28/30 MP: 3/3
   890 | D:2      | Found a glowing silver altar of Zin.
   900 | D:2      | Found a faded altar of an unknown god.
   917 | D:2      | Reached XP level 4. HP: 36/37 MP: 4/4
  1271 | D:2      | Found a runed translucent door.
  1272 | D:2      | Noticed Crazy Yiuf
  1504 | D:3      | Noticed Ijyb
  1518 | D:3      | Killed Ijyb
  1519 | D:3      | Reached skill level 3 in Axes
  1658 | D:3      | Reached skill level 1 in Throwing
  1800 | D:3      | Reached XP level 5. HP: 41/42 MP: 5/5
  2117 | D:3      | Reached skill level 4 in Axes
  2117 | D:3      | Reached XP level 6. HP: 17/48 MP: 6/6
  2930 | D:4      | Noticed an ogre
  2938 | D:4      | Killed an ogre
  3204 | D:4      | Noticed an ogre
  3209 | D:4      | Killed an ogre
  3210 | D:4      | Reached XP level 7. HP: 41/55 MP: 7/7
  3404 | D:4      | Reached skill level 5 in Axes
  3558 | D:4      | Noticed Menkaure
  3566 | D:4      | Killed Menkaure
  4120 | D:5      | Entered Level 5 of the Dungeon
  4233 | D:5      | Reached XP level 8. HP: 40/61 MP: 8/8
  4444 | D:5      | Reached skill level 5 in Fighting
  4444 | D:5      | Reached skill level 5 in Armour
  4472 | D:5      | Reached skill level 6 in Axes
  5637 | D:6      | Reached skill level 7 in Axes
  5637 | D:6      | Reached XP level 9. HP: 54/68 MP: 9/9
  5880 | D:6      | Reached skill level 5 in Throwing
  5981 | D:6      | Found a runed translucent door.
  5983 | D:6      | Found a runed translucent door.
  6517 | D:6      | Found a transporter.
  6521 | D:6      | Noticed McGhostyFace's ghost (weakling GnDe)
  6522 | D:6      | Identified the +1 great mace of Honour {antimagic, +Blink
                  | rElec Will- Int+3}
  6522 | D:6      | Noticed a two-headed ogre
  6944 | D:7      | Reached skill level 8 in Axes
  7703 | D:7      | Found a staircase to the Ecumenical Temple.
  7710 | D:7      | Reached XP level 10. HP: 75/77 MP: 10/10
  7716 | Temple   | Entered the Ecumenical Temple
  7864 | Temple   | Became a worshipper of Warmaster Okawaru
  8011 | D:7      | HP: 3/77 [troll (12)]
  8012 | D:7      | Slain by a troll

Illustrated notes

Levels and vault maps discovered:
D:1:      amcnicky_arrival_feature_with_door, layout_basic, minivault_19,
          grunt_decor_fettered
D:2:      layout_basic, ebering_ecumenical_altar_box, basic_altar,
          serial_bayou_ford_a, minivault_11, uniq_crazy_yiuf_cottage
D:3:      layout_basic, minmay_goblin_kobold_house, uniq_ijyb
D:4:      layout_basic, uniq_menkaure
D:5:      layout_loops_corners
D:6:      lemuel_insect_pit, layout_loops_ring, gammafunk_ghost_smash,
          minivault_1
D:7:      layout_loops_corners, temple_hall
Temple:   regret_index_temple_chain_breaker

Skill      XL: |  1  2  3  4  5  6  7  8  9 |
---------------+----------------------------+-----
Axes           | 3 4 5 7 8 |  8.7
Armour         | 4 5 7 |  7.2
Throwing       | 1 2 3 4 6 |  6.0
Fighting       | 4 5 6 |  6.6
Shields        | |  3.9

Action                   |  1- 3 |  4- 6 |  7- 9 | 10-12 || total
-------------------------+-------+-------+-------+-------++-------
Melee: War axe           |    80 |   127 |   268 |    18 ||   493
       Unarmed           |       |     6 |       |       ||     6
Throw: Boomerang         |       |       |    48 |     3 ||    51
Evoke: Wand              |       |     1 |       |       ||     1
  Use: Scroll            |     2 |     4 |     6 |       ||    12
       Potion            |       |       |       |     3 ||     3
Armor: Scale mail        |    46 |    62 |    94 |       ||   202
       Skin              |       |     1 |       |       ||     1
       Plate armour      |       |       |    25 |    15 ||    40
Dodge: Dodged            |    36 |    71 |   116 |    13 ||   236
Block: Buckler           |    20 |    32 |    71 |     4 ||   127

Table legend: (Time is in decaauts)
 A = Elapsed time spent in this place.
 B = Non-inter-level travel time spent in this place.
 C = Inter-level travel time spent in this place.
 D = Time resting spent in this place.
 E = Time spent auto-exploring this place.
 F = Levels seen in this place.
 G = Mean time per level.
                   A        B        C        D        E       F      G
               +--------+--------+--------+--------+--------+-----+--------+
         Total |   8139 |   7888 |    251 |    797 |   5765 |   8 | 1017.4 |
       Dungeon |   7980 |   7754 |    226 |    797 |   5650 |   7 | 1140.0 |
        Temple |    158 |    133 |     25 |      0 |    115 |   1 |  158.0 |
               +--------+--------+--------+--------+--------+-----+--------+

Top non-repeatable levels by time:
     D:3: 1585 daAuts
     D:5: 1513 daAuts
     D:6: 1269 daAuts
     D:4: 1013 daAuts
     D:7: 987 daAuts
     D:2: 872 daAuts
     D:1: 739 daAuts
  Temple: 158 daAuts
